 Dungeon Crawl Stone Soup version 0.26.1-11-gd32895ea62 (webtiles) character file.

Game seed: 8258028626510649128

4515 Arcadio the Cleaver (level 10, -10/92 HPs)
             Began as a Deep Dwarf Fighter on May 21, 2021.
             Was a Follower of Makhleb.
             Mangled by a two-headed ogre
             ... wielding a +0 giant club
              (16 damage)
             ... on level 9 of the Dungeon.
             The game lasted 00:30:44 (6624 turns).

Arcadio the Cleaver (Deep Dwarf Fighter)            Turns: 6624, Time: 00:30:45

Health: -10/92     AC:  9    Str: 23      XL:     10   Next: 16%
Magic:  5/5        EV: 12    Int:  9      God:    Makhleb [*.....]
Gold:   31         SH: 12    Dex: 12 (15) Spells: 3/9 levels left

rFire    . . .     SeeInvis +   a - +1 war axe
rCold    . . .     Faith    +   c - +1 kite shield
rNeg     + . .     Spirit   .   p - +3 leather armour
rPois    .         Reflect  .   (no helmet)
rElec    .         Harm     .   (no cloak)
rCorr    .         Rampage  .   m - +0 pair of gloves
Will     ++...                  O - +0 pair of boots
Stlth    ++........             g - amulet of Balance {Faith Dex+3 SInv}
HPRegen  0.00/turn              M - ring of willpower
MPRegen  0.09/turn              l - ring of positive energy

@: non-regenerating
A: damage resistance, heal wounds, sense surroundings 2, no regeneration
a: Heal Wounds, Renounce Religion


You were on level 9 of the Dungeon.
You worshipped Makhleb.
Makhleb was aware of your devotion.
You visited 2 branches of the dungeon, and saw 10 of its levels.
You also visited: Ossuary.

You collected 663 gold pieces.
You spent 632 gold pieces at shops.

Inventory:

Hand Weapons
 a - a +1 war axe (weapon)
 i - a -1 spear
 v - a +0 dagger of speed
 z - a +0 flail of protection
 A - a +2 falchion of electrocution
 J - a +1 flail of venom
 K - a +2 short sword of protection
Armour
 b - a +0 scale mail
 c - a +1 kite shield (worn)
 m - a +0 pair of gloves (worn)
 p - a +3 leather armour (worn)
 t - a +0 pair of gloves
 O - a +0 pair of boots (worn)
Jewellery
 g - the amulet of Balance (around neck) {Faith Dex+3 SInv}
   (You bought it in a shop on level 7 of the Dungeon)

   [amulet of faith]

   It allows you to gain divine favour quickly.
   It affects your dexterity (+3).
   It lets you see invisible.
 l - a ring of positive energy (right hand)
 n - an uncursed ring of stealth
 r - an uncursed ring of resist corrosion
 H - an uncursed ring of positive energy
 M - a ring of willpower (left hand)
 R - a +6 ring of intelligence
Wands
 y - a wand of polymorph (7)
 L - a wand of enslavement (10)
 P - a wand of disintegration (16)
 Q - a wand of paralysis (8)
Scrolls
 f - a scroll of magic mapping
 h - a scroll of immolation
 k - 2 scrolls of amnesia
 u - a scroll of enchant armour
 w - 3 scrolls of enchant weapon
 I - a scroll of remove curse
Potions
 d - 3 potions of might
 e - a potion of mutation
 q - a potion of resistance
 s - 9 potions of curing
 B - a potion of invisibility
 D - a potion of cancellation
 E - 2 potions of flight
 N - 3 potions of brilliance


   Skills:
 + Level 6.3 Fighting
 + Level 10.4 Axes
 + Level 5.8 Armour
 + Level 4.5 Dodging
 + Level 2.5 Stealth
 + Level 8.5 Shields


You had 3 spell levels left.
You knew the following spells:

 Your Spells              Type           Power        Failure   Level
a - Beastly Appendage     Tmut           0%           71%         1
b - Wereblood             Tmut           0%           85%         2
c - Spider Form           Tmut/Pois      0%           97%         3

Your spell library contained the following spells:

 Spells                   Type           Power        Failure   Level
 Animate Skeleton         Necr           0%           71%         1
 Apportation              Tloc           0%           71%         1
 Corona                   Hex            0%           71%         1
 Freeze                   Ice            0%           71%         1
 Summon Small Mammal      Summ           0%           71%         1
 Ensorcelled Hibernation  Hex/Ice        0%           85%         2
 Confusing Touch          Hex            0%           97%         3
 Dazzling Flash           Conj/Hex       0%           97%         3
 Frozen Ramparts          Ice            0%           97%         3
 Ozocubu's Armour         Ice            0%           97%         3
 Tukima's Dance           Hex            0%           97%         3
 Hailstorm                Conj/Ice       0%           100%        4
 Ice Form                 Ice/Tmut       0%           100%        4
 Summon Ice Beast         Ice/Summ       0%           100%        4
 Blade Hands              Tmut           0%           100%        5


Dungeon Overview and Level Annotations

Branches:
Dungeon (9/15)             Temple (1/1) D:5            Lair (0/6) D:9
Ossuary (visited)
    Orc: D:9-12

Altars:
Ashenzari
Cheibriados
Dithmenos
Elyvilon
Fedhas
Gozag
Hepliaklqana
Kikubaaqudgha
Makhleb
Nemelex Xobeh
Okawaru
Qazlal
Ru
Sif Muna
Trog
Uskayaw
Vehumet
Wu Jian
Xom
Yredelemnul
Zin
The Shining One

Shops:
D:7 (=(?

Annotations:
D:4 Sigmund
D:6 2 transporters, YannSP's ghost, novice OpWz
D:8 2 runed translucent doors, Gwenloh's ghost, novice DECj


Innate Abilities, Weirdness & Mutations

You are resistant to damage.
You can heal yourself by infusing magical energy.
You passively map the area around you.
You do not regenerate.


Message History

a +0 mace; an orc corpse
There is a stone staircase leading down here.
You climb downwards.
A sky beast comes into view.
The orc priest mumbles some strange prayers to Beogh against you.
Beogh smites you! You block the orc's attack.
The two-headed ogre hits you with a +0 giant club!!
* * * LOW HITPOINT WARNING * * *
You block the two-headed ogre's attack. You block the orc's attack.
The orc wizard points at you and mumbles some strange words.
The magic dart hits you.
* * * LOW HITPOINT WARNING * * *
The shadow imp shouts, "Scamper away, thou puking gravel-groveling strumpet!"
The sky beast moves out of view.
There is a stone staircase leading up, spattered with blood here.
The orc completely misses you.
The two-headed ogre hits you with a +0 giant club!
* * * LOW HITPOINT WARNING * * *
The two-headed ogre hits you with a cursed -2 giant spiked club!
You die...

#############**
#....>.......
,,
#............ ,
#...O.o......
#....@o5>.... ,
, #....oo......
, ,
#............,
, #.......o....
,,
#############*
*


You could see a two-headed ogre, an orc priest, an orc wizard (invisible), a
shadow imp and 3 orcs.

Vanquished Creatures
  Maurice (D:7)
  Prince Ribbit (D:5)
  A wyvern (D:8)
  A wraith (D:6)
  3 sky beasts
  A black bear (D:8)
  An ice beast (D:5)
  10 ogres
  3 phantoms
  4 centaurs
  Blork the orc (D:5)
  5 bullfrogs
  A gnoll sergeant (D:7)
  A wyvern zombie (D:7)
  2 scorpions
  3 killer bees (D:7)
  2 howler monkeys (D:7)
  A quasit (D:8)
  2 jellies
  6 hounds
  An orc priest (D:8)
  3 orc wizards
  A centaur skeleton (D:6)
  An iguana (D:8)
  3 worker ants
  A hound zombie (D:8)
  A hound skeleton (D:6)
  8 mummies (Ossuary)
  Robin (D:3)
  A worker ant zombie (D:8)
  A howler monkey skeleton (D:6)
  16 gnolls
  6 adders
  An ufetubus (D:6)
  An adder skeleton (D:5)
  2 adder zombies (D:8)
  2 worms
  2 leopard geckos
  14 orcs
  3 bats (D:3)
  8 giant cockroaches
  3 gnoll zombies (Ossuary)
  15 goblins
  9 hobgoblins
  6 jackals
  7 quokkas
  2 ball pythons
  4 frilled lizards
  A hobgoblin zombie (Ossuary)
  2 jackal skeletons
  7 kobolds
  3 kobold zombies (Ossuary)
  An orc zombie (Ossuary)
  A quokka skeleton (D:5)
  6 rats
194 creatures vanquished.

Notes
Turn   | Place    | Note
-------+----------+-------------------------------------------
     0 | D:1      | Arcadio the Deep Dwarf Fighter began the quest for the Orb.
     0 | D:1      | Reached XP level 1. HP: 20/20 MP: 1/1
   130 | D:1      | Reached XP level 2. HP: 22/27 MP: 2/2
   478 | D:1      | Reached XP level 3. HP: 27/34 MP: 3/3
  1042 | D:3      | Reached skill level 3 in Axes
  1201 | D:3      | Reached XP level 4. HP: 30/42 MP: 4/4
  1601 | D:4      | Noticed an ogre
  1604 | D:4      | Noticed Robin
  1613 | D:3      | Killed an ogre
  1614 | D:3      | Reached XP level 5. HP: 44/50 MP: 5/5
  1628 | D:4      | Noticed an ogre
  1654 | D:3      | Killed Robin
  1669 | D:3      | Killed an ogre
  1670 | D:3      | Reached skill level 4 in Axes
  1670 | D:3      | Reached XP level 6. HP: 30/57 MP: 6/6
  1707 | D:4      | Found a blossoming altar of Fedhas.
  1725 | D:4      | Noticed Sigmund
  1887 | D:4      | Reached skill level 5 in Armour
  1887 | D:4      | Reached skill level 5 in Shields
  1949 | D:4      | Reached XP level 7. HP: 38/66 MP: 6/6
  2104 | D:4      | Found a sand-covered staircase.
  2113 | Ossuary  | Entered an ossuary
  2192 | Ossuary  | Reached skill level 5 in Axes
  2467 | D:5      | Entered Level 5 of the Dungeon
  2482 | D:5      | HP: 2/66 [ice beast (9)]
  2530 | D:5      | Reached skill level 6 in Axes
  2603 | D:5      | Reached skill level 1 in Dodging
  2603 | D:5      | Reached XP level 8. HP: 32/73 MP: 6/6
  2718 | D:5      | Reached skill level 5 in Fighting
  2766 | D:5      | Reached skill level 7 in Axes
  2786 | D:5      | Noticed Prince Ribbit
  2834 | D:5      | Killed Prince Ribbit
  2878 | D:5      | Found a staircase to the Ecumenical Temple.
  2885 | Temple   | Entered the Ecumenical Temple
  2950 | Temple   | Became a worshipper of Makhleb the Destroyer
  3151 | D:5      | Reached skill level 1 in Stealth
  3162 | D:5      | Reached skill level 8 in Axes
  3194 | D:5      | Noticed Blork the orc
  3204 | D:5      | Killed Blork the orc
  3472 | D:6      | Found a bloodstained altar of Trog.
  3497 | D:6      | Found a transporter.
  3499 | D:6      | Noticed YannSP's ghost (novice OpWz)
  3501 | D:6      | Found a transporter.
  3503 | D:6      | Identified the +3 dire flail of Compulsion {venom, Int+2}
  3525 | D:6      | Gained mutation: You passively map the area around you.
                  | [Deep Dwarf growth]
  3525 | D:6      | Reached XP level 9. HP: 48/81 MP: 6/6
  3739 | D:6      | Learned a level 1 spell: Beastly Appendage
  3742 | D:6      | Learned a level 2 spell: Wereblood
  3746 | D:6      | Learned a level 3 spell: Spider Form
  3988 | D:6      | Reached skill level 9 in Axes
  4324 | D:7      | Found Mahaot's Weapon Boutique.
  4329 | D:7      | Found Neaschamous's Jewellery Emporium.
  4338 | D:7      | HP: 2/81 [wyvern zombie (8)]
  4464 | D:7      | Found Nedasem's Weapon Shop.
  4623 | D:7      | Reached * piety under Makhleb
  4687 | D:7      | Found Zaloak's Magic Scroll Emporium.
  4794 | D:7      | Noticed a two-headed ogre
  4896 | D:8      | Found a stormy altar of Qazlal.
  5020 | D:8      | Found a large runed translucent door.
  5023 | D:8      | Found a large runed translucent door.
  5297 | D:8      | Noticed Gwenloh's ghost (novice DECj)
  5336 | D:8      | Noticed Maurice
  5416 | D:7      | Killed Maurice
  5417 | D:7      | Reached skill level 10 in Axes
  5417 | D:7      | Reached XP level 10. HP: 51/91 MP: 5/5
  6043 | D:7      | Bought the amulet of Balance {Faith Dex+3 SInv} for 632
                  | gold pieces
  6334 | D:7      | Found a shadowy altar of Dithmenos.
  6609 | D:9      | Found a staircase to the Lair.
  6612 | D:9      | Noticed a two-headed ogre
  6624 | D:9      | Mangled by a two-headed ogre

Illustrated notes

Levels and vault maps discovered:
D:1:      psy_arrival_basics, layout_rooms
D:2:      layout_rooms, minmay_misc_feat_cross
D:3:      layout_rooms
D:4:      layout_cave_pools, fedhas_ov_isle_minmay, enter_ossuary_1,
          uniq_sigmund, uniq_robin
D:5:      layout_loops_ring, minmay_temple_entry_waves, minmay_misc_feat_tiny,
          uniq_blork_the_orc, uniq_prince_ribbit1
D:6:      layout_gridville, gammafunk_ghost_smash, trog_book
D:7:      layout_loops_ring, serial_shops, kennysheep_little_box,
          shop_fountains, nicolae_shop_crystal, shop, grunt_dithmenos_shadows
D:8:      layout_layer_cave, ebering_ghost_disaster_area, grunt_qazlal_clouds,
          uniq_maurice
D:9:      layout_cross, lair_entry_dummy, kennysheep_potato
Temple:   minmay_crystal_snake_temple

Skill      XL: |  1  2  3  4  5  6  7  8  9 |
---------------+----------------------------+-----
Fighting       | 3 4 5 6 |  6.3
Axes           | 3 4 6 8 10 | 10.4
Shields        | 4 5 6 8 |  8.5
Armour         | 4 5 |  5.8
Dodging        | 1 3 4 |  4.5
Stealth        | 1 2 |  2.5

Action                   |  1- 3 |  4- 6 |  7- 9 | 10-12 || total
-------------------------+-------+-------+-------+-------++-------
Melee: War axe           |   121 |   128 |   397 |    85 ||   731
 Abil: Heal Wounds       |       |     7 |    12 |       ||    19
  Use: Scroll            |     2 |       |    20 |       ||    22
       Potion            |       |       |     4 |       ||     4
 Stab: Sleeping          |       |       |     2 |       ||     2
Armor: Scale mail        |    55 |    63 |    19 |       ||   137
       Leather armour    |       |       |    67 |    18 ||    85
Dodge: Dodged            |    32 |    67 |   177 |    41 ||   317
Block: Kite shield       |    60 |   107 |   268 |    71 ||   506
